 Dungeon Crawl Stone Soup version 0.29.1-15-g9cfb28693d (webtiles) character file.

Game seed: 18212971062191387314

1850 croobank the Covert (level 9, 0/62 HPs)
             Began as an Octopode Delver on Feb 28, 2023.
             Slain by a hornet (9 damage)
             ... on level 7 of the Dungeon.
             The game lasted 00:16:25 (9289 turns).

croobank the Covert (Octopode Delver)               Turns: 9289, Time: 00:16:25

Health: 0/62       AC:  1    Str: 11    XL:     9   Next: 12%
Magic:  9/9        EV: 15    Int: 16    God:
Gold:   188        SH:  0    Dex: 14    Spells: 8/8 levels left

rFire   . . .      SeeInvis .   a - +4 hand axe (freeze)
rCold   . . .      Faith    .   x - orb {*Rage}
rNeg    . . .      Spirit   .   (helmet restricted)
rPois   +          Reflect  .   (no amulet)
rElec   .          Harm     .   D - ring of poison resistance
rCorr   .          Rampage  .   (no ring)
Will    .....      Rage     20% (no ring)
Stlth   +++++.....              (no ring)
HPRegen 0.20/turn               (no ring)
MPRegen 0.11/turn               (no ring)
                                (no ring)
                                (no ring)

@: no status effects
A: almost no armour, amphibious, 8 rings, camouflage 1, gelatinous body 1,
(nimble swimmer 1), tentacles
a: no special abilities


You were on level 7 of the Dungeon.
You visited 2 branches of the dungeon, and saw 8 of its levels.

You collected 339 gold pieces.
You spent 151 gold pieces at shops.

Inventory:

Hand Weapons
 a - a +4 hand axe of freezing (weapon)
 c - a +1 broad axe of flaming
 k - a +0 trident
 r - a +0 dagger of venom
 y - a +0 great sword
 z - a +2 long sword
 A - a +5 dire flail
Missiles
 q - 27 poisoned darts (quivered)
Armour
 x - an orb of wrath (worn)
 B - a +1 buckler
Magical Staves
 i - a staff of earth
Jewellery
 D - a ring of poison resistance (left tentacle)
Wands
 f - a wand of digging (3)
 n - a wand of quicksilver (6)
Scrolls
 b - 2 scrolls of fog
 d - 4 scrolls of fear
 h - a scroll of immolation {unknown}
 m - 3 scrolls of teleportation
 p - a scroll of torment
 t - a scroll of identify
 v - a scroll of amnesia
Potions
 e - 4 potions of haste
 g - 2 potions of attraction
 j - 3 potions of resistance
 l - 7 potions of curing
 o - 3 potions of magic
 s - a potion of heal wounds
 u - a potion of flight
 w - 3 potions of invisibility
 C - a potion of mutation


   Skills:
 + Level 6.1 Fighting
 * Level 6.9 Axes
 + Level 5.7 Dodging
 + Level 10.2 Stealth


You had 8 spell levels left.
You didn't know any spells.
Your spell library contained the following spells:

 Spells                   Type           Power      Damage    Failure   Level
 Conjure Flame            Conj/Fire      0%         6-21      58%         3
 Ignite Poison            Fire/Tmut/Pois 0%         N/A       58%         3
 Animate Dead             Necr           0%         N/A       94%         4
 Sticky Flame             Conj/Fire      0%         2d3       94%         4
 Borgnjor's Vile Clutch   Necr/Erth      0%         N/A       100%        5
 Death Channel            Necr           0%         N/A       100%        6


Dungeon Overview and Level Annotations

Branches:
Dungeon (7/15)             Temple (1/1) D:5

Altars:
Cheibriados
Dithmenos
Elyvilon
Fedhas
Gozag
Hepliaklqana
Kikubaaqudgha
Makhleb
Nemelex Xobeh
Ru
Sif Muna
Trog
Uskayaw
Vehumet
Wu Jian
Xom
Yredelemnul
Zin
The Shining One

Shops:
D:4 [![?*

Annotations:
D:3 2 transporters, Smoke131's ghost, amateur DrFE
D:6 3 runed translucent doors, BeachedTurtle's ghost, amateur MiBe


Innate Abilities, Weirdness & Mutations

You cannot wear most types of armour.
You are amphibious.
You can wear up to eight rings at the same time.
Your skin changes colour to match your surroundings (Stealth+).
Your rubbery body absorbs attacks. (AC +1, EV +1)
((You are camouflaged when in or above water. (Stealth+)))
You have tentacles for arms and can constrict up to eight enemies at once.


Message History

The water moccasin is moderately wounded.
You constrict the water moccasin. The water moccasin bites you!
You hit the water moccasin.
The water moccasin seems to slow down.
You freeze the water moccasin. You tentacle-slap the water moccasin.
The water moccasin is severely wounded.
You constrict the water moccasin, but do no damage.
The water moccasin misses you.
You slash the water moccasin! You freeze the water moccasin.
You kill the water moccasin!
No target in view!
No target in view!
You see here a water moccasin corpse.
A hornet comes into view.
A hornet is nearby!
Okay, then.
A centaur comes into view. It is wielding a +0 trident.
Aiming: Quicksilver Bolt
Press: ? - help, Shift-Dir - straight line, f - centaur
Aim: a centaur, wielding a +0 trident and wearing a +0 robe (wandering, hasn't noticed you, 83% to hit)
The bolt of dispelling energy hits the centaur!
The centaur is severely wounded.
The centaur shouts!
The centaur unwields a +0 trident.
The centaur wields a +0 shortbow.
The centaur shoots an arrow.
The arrow hits you!
The centaur shoots an arrow.
The arrow hits you!
The hornet buzzes angrily.
The centaur unwields a +0 shortbow.
The centaur wields a +0 trident.
The centaur misses you.
The centaur kicks you but does no damage.
The hornet barely misses you. The hornet attacks as you move away!
The hornet stings you! The centaur hits you with a +0 trident.
The centaur kicks you. The centaur hits you with a +0 trident!
* * * LOW HITPOINT WARNING * * *
The centaur completely misses you.
As you read the scroll of fear, it crumbles to dust.
You assume a fearsome visage.
The centaur looks frightened!
The hornet resists with some effort.
The hornet barely misses you. The hornet stings you!
You die...

#....# #.#####.#####
#....# #.#.[........
#....#######.#.....####.
#..........#.#..######
#..........#.#.......#
#..........#.##.####.#
####...c...#.#..#
#....y..#.#.#####.#
#...@...#...).....#
#.......##........#
#..........#..........
####..#####..........#
##.# #..........# #..
...........# ###
#.#.........#
.>#.........#


You could see a hornet and a centaur (fleeing).

Vanquished Creatures
  A steam dragon (D:6)
  Menkaure (D:6)
  A water moccasin (D:7)
  A sky beast (D:6)
  An ice beast (D:5)
  A black bear (D:4)
  2 kobold brigands
  A bullfrog (D:6)
  A necrophage (D:6)
  A scorpion (D:5)
  5 wights (D:4)
  A jelly (D:4)
  A gnoll bouda (D:4)
  5 orc priests
  4 iguanas
  5 orc wizards
  6 gnolls
  3 adders
  A shadow imp (D:6)
  3 worms
  5 dart slugs
  16 orcs
  9 bats
  8 endoplasms
  2 giant cockroaches
  3 hobgoblins
  17 kobolds
  5 quokkas
  12 ball pythons
  6 frilled lizards
  6 goblins
  8 rats
  A butterfly (D:4)
143 creatures vanquished.

Notes
Turn   | Place    | Note
-------+----------+-------------------------------------------
     0 | D:5      | croobank the Octopode Delver began the quest for the Orb.
     0 | D:5      | Reached XP level 1. HP: 16/16 MP: 1/1
    49 | D:6      | Noticed an orc wizard
   122 | D:4      | Found a white marble altar of Elyvilon.
   124 | D:4      | Found a radiant altar of Vehumet.
   125 | D:4      | Noticed a wight
   126 | D:4      | Noticed a wight
   151 | D:4      | Noticed a black bear
   188 | D:3      | Found a burning altar of Makhleb.
   233 | D:4      | Reached XP level 2. HP: 21/21 MP: 2/2
   403 | D:1      | Reached XP level 3. HP: 12/26 MP: 3/3
   701 | D:1      | Reached skill level 7 in Stealth
  1385 | D:1      | Reached XP level 4. HP: 31/31 MP: 4/4
  2791 | D:3      | Found an ancient bone altar of Kikubaaqudgha.
  2823 | D:3      | Found a hazy altar of Hepliaklqana.
  3008 | D:3      | Found a faded altar of an unknown god.
  3020 | D:3      | Found a transporter.
  3051 | D:3      | Found a transporter.
  3054 | D:3      | Noticed Smoke131's ghost (amateur DrFE)
  3712 | D:4      | Found Upnih's Antique Armour Shop.
  3722 | D:4      | Found a snail-covered altar of Cheibriados.
  3726 | D:4      | Found Guckoad's Distillery.
  3734 | D:4      | Found a shimmering altar of Xom.
  3855 | D:4      | Reached XP level 5. HP: 37/37 MP: 5/5
  3890 | D:4      | Reached XP level 6. HP: 43/43 MP: 6/6
  3894 | D:4      | Reached skill level 8 in Stealth
  4298 | D:4      | Found a blossoming altar of Fedhas.
  4335 | D:4      | Killed a black bear
  4336 | D:4      | Reached XP level 7. HP: 34/49 MP: 7/7
  4462 | D:4      | Found Zeprimif's Antique Armour Shop.
  4472 | D:4      | Bought a buckler for 103 gold pieces
  4748 | D:4      | Found Ditrongo's Magic Scroll Boutique.
  4754 | D:4      | Bought a scroll of identify for 24 gold pieces
  4754 | D:4      | Bought a scroll of identify for 24 gold pieces
  5049 | D:4      | Found Feharirph's Assorted Antiques.
  5374 | D:5      | HP: 2/49 [orc/+0 trident (2)]
  6139 | D:5      | Reached skill level 5 in Fighting
  6311 | D:5      | Reached skill level 9 in Stealth
  6359 | D:5      | Reached skill level 5 in Axes
  6359 | D:5      | Reached XP level 8. HP: 55/55 MP: 8/8
  6446 | D:5      | Found a staircase to the Ecumenical Temple.
  6525 | Temple   | Entered the Ecumenical Temple
  6824 | D:6      | Found a runed translucent gate.
  6824 | D:6      | Found a runed translucent gate.
  6825 | D:6      | Found an opulent altar of Gozag.
  6825 | D:6      | Found a runed translucent gate.
  6826 | D:6      | Noticed BeachedTurtle's ghost (amateur MiBe)
  6826 | D:6      | Noticed a kobold demonologist
  6827 | D:6      | Noticed a shadow
  7082 | D:6      | Noticed Menkaure
  7092 | D:6      | Killed Menkaure
  7093 | D:6      | Reached skill level 5 in Dodging
  8191 | D:6      | Reached skill level 10 in Stealth
  8346 | D:6      | Reached XP level 9. HP: 62/62 MP: 9/9
  8601 | D:6      | Found a sacrificial altar of Ru.
  9277 | D:7      | Noticed a hornet
  9289 | D:7      | Slain by a hornet

Illustrated notes

Levels and vault maps discovered:
D:1:      dpeg_arrival_leaves_temple_mockup, layout_basic, minmay_misc_feat_x,
          st_stairs_13, dk_noncrumbling_4
D:2:      layout_basic, serial_corexii_hall, corexii_hall_statues_x,
          chequers_hall_statues_y
D:3:      layout_loops_ring, kiku_gazebo_garden_becter,
          nicolae_overflow_hidden_temple, mainiacjoe_overflow_boulevard,
          basic_ecumenical_altar, gammafunk_ghost_mausoleum,
          minmay_misc_feat_secret_circle
D:4:      layout_loops_corners, cheibriados_altar_1, lemuel_round_altar,
          xom_butterflies, nicolae_overflow_squiral, serial_shops,
          nicolae_lakefront_shop, shop_fountains,
          nicolae_shop_temple_entry_statues_fountains, shop,
          nicolae_inconvenience_store
D:5:      layout_loops_ring, minmay_temple_entry_poolview
D:6:      layout_layer_cave, kennysheep_mini, cheibrodos_sewer_entry_drain,
          ebering_ghost_gozag, uniq_menkaure
D:7:      layout_basic
Temple:   dpeg_three_leaves_temple

Skill      XL: |  1  2  3  4  5  6  7  8 |
---------------+-------------------------+-----
Stealth        | 7 8 9 10 | 10.2
Dodging        | 3 4 5 |  5.7
Axes           | 3 4 5 6 |  6.9
Fighting       | 4 5 6 |  6.1

Action                   |  1- 3 |  4- 6 |  7- 9 || total
-------------------------+-------+-------+-------++-------
Melee: Hand axe          |    64 |    61 |   100 ||   225
       Tentacles         |    14 |    11 |    25 ||    50
       Constrict         |    16 |    18 |    29 ||    63
       Punch             |       |     2 |     3 ||     5
       Dagger            |       |    16 |    25 ||    41
Evoke: Wand              |       |       |     1 ||     1
  Use: Scroll            |     1 |       |    18 ||    19
       Potion            |       |       |     1 ||     1
 Stab: Sleeping          |    17 |    21 |     7 ||    45
       Distracted        |     1 |       |     3 ||     4
Armor: Skin              |     4 |     9 |     2 ||    15
Dodge: Dodged            |    34 |    36 |    62 ||   132
